 Dungeon Sprint DCSS version 0.29.1-12-g30fa7ad0bf (webtiles) character file.

Game seed: 7321682255941052052

1504 boopmooplesden the Carver (level 8, -5/133 HPs)
             Began as a Minotaur Berserker on Dec 15, 2022.
             Was a High Priest of Trog.
             Slain by a two-headed ogre
             ... wielding a +0 giant club
              (9 damage)
             ... in the Dungeon (Sprint IX: "|||||||||||||||||||||||||||||").
             The game lasted 00:00:54 (525 turns).

boopmooplesden the Carver (Minotaur Berserker)       Turns: 525, Time: 00:00:55

Health: -5/133     AC: 14    Str: 27    XL:     8   Next: 52%
Magic:  7/7        EV: 11    Int:  7    God:    Trog [*****.]
Gold:   0          SH:  0    Dex: 10    Spells: 7/7 levels left

rFire   . . .      SeeInvis .   k - +2 scimitar (holy)
rCold   . . .      Faith    .   (no shield)
rNeg    . . .      Spirit   .   n - +1 chain mail
rPois   .          Reflect  .   (helmet restricted)
rElec   .          Harm     .   l - +0 cloak
rCorr   .          Rampage  .   (no gloves)
Will    .....      NoTele   +   m - +0 pair of boots
Stlth   ..........              (no amulet)
HPRegen 0.32/turn               o - +3 ring of strength
MPRegen 0.10/turn               p - +3 ring of intelligence

@: berserking (expiring), slowed
A: horns 2, retaliatory headbutt
a: Renounce Religion, Berserk, Trog's Hand, Brothers in Arms


You were in the Dungeon.
You worshipped Trog.
Trog was extremely pleased with you.
You visited 1 branch

Inventory:

Hand Weapons
 a - a +0 falchion
 k - a +2 scimitar of holy wrath (weapon)
Armour
 b - a +0 animal skin
 l - a +0 cloak (worn)
 m - a +0 pair of boots (worn)
 n - a +1 chain mail (worn)
Jewellery
 o - a +3 ring of strength (left hand)
 p - a +3 ring of intelligence (right hand)
Wands
 j - a wand of acid (10)
Scrolls
 h - 2 scrolls of blinking
Potions
 c - 5 potions of curing
 d - 3 potions of heal wounds
 e - a potion of haste
 f - 4 potions of magic
 g - a potion of berserk rage
 i - a potion of invisibility


   Skills:
 + Level 14.1 Fighting
 + Level 14.7 Long Blades
 + Level 7.8 Armour
 + Level 7.9 Dodging
 + Level 1.0 Stealth


You had 7 spell levels left.
You didn't know any spells.
Your spell library was empty.

Dungeon Overview and Level Annotations

Branches:
Dungeon (1/1)

Altars:
Cheibriados
Dithmenos
Elyvilon
Fedhas
Gozag
Hepliaklqana
Kikubaaqudgha
Makhleb
Nemelex Xobeh
Okawaru
Qazlal
Ru
Sif Muna
Trog
Uskayaw
Vehumet
Wu Jian
Xom
Yredelemnul
Zin
The Shining One
Jiyva
Lugonu


Innate Abilities, Weirdness & Mutations

You have a pair of horns on your head.
You reflexively headbutt those who attack you in melee.


Message History

You have reached level 8!
You feel stronger.
The deep elf pyromancer mumbles some strange words.
The deep elf pyromancer blinks!
The wraith hits you!
* * * LOW HITPOINT WARNING * * *
The wraith drains your vigour!
You feel yourself slow down.
There is an open door, spattered with blood here.
Things that are here:
a +0 giant club; a +0 giant club; a two-headed ogre corpse You closely miss the wraith.
You slice the wraith!!
The wraith convulses.
Your headbutt misses the wraith.
The wraith is severely damaged.
The wraith completely misses you.
You hit the wraith.
The wraith convulses.
The wraith is severely damaged.
The deep elf pyromancer gestures wildly while chanting.
The wraith hits you but does no damage.
You slash the wraith!
The wraith convulses.
You destroy the wraith!
Trog accepts your kill.
The deep elf pyromancer casts a spell.
The deep elf pyromancer blinks!
Your Fighting skill increases to level 14!
You slice the two-headed ogre!!
Your headbutt misses the two-headed ogre.
The two-headed ogre is heavily wounded.
You slash the two-headed ogre! You headbutt the two-headed ogre!
The two-headed ogre is almost dead.
The two-headed ogre hits you with a +0 giant club!
* * * LOW HITPOINT WARNING * * *
The two-headed ogre barely misses you.
The tengu conjurer mumbles some strange words.
The tengu conjurer blinks!
You hit the two-headed ogre.
The two-headed ogre is almost dead.
You hit the two-headed ogre.
The two-headed ogre is almost dead.
The two-headed ogre closely misses you.
The two-headed ogre hits you with a +0 giant spiked club!
You die...

▓.▓
▓)▓
▓†▓
▓)▓
▓)▓
▓)▓
▓.▓
▓.▓
▓@▓
▓O▓
▓e▓
▓.▓
▓*▓
▓O▓
▓Q▓
▓+▓


You could see 2 two-headed ogres, a deep elf pyromancer, a tengu conjurer and a
battlesphere (distracted).

Vanquished Creatures
  A two-headed ogre (D)
  A wraith (D)
  A yak (D)
  A steam dragon (D)
  An orc warrior (D)
  A centaur (D)
  2 phantoms (D)
  A kobold brigand (D)
  A necrophage (D)
  A hound (D)
  An orc wizard (D)
  An adder (D)
  A bat (D)
  An endoplasm (D)
  A frilled lizard (D)
  2 kobolds (D)
18 creatures vanquished.

Notes
Turn   | Place    | Note
-------+----------+-------------------------------------------
     0 | D        | boopmooplesden the Minotaur Berserker began the quest for
                  | the Orb.
     0 | D        | Reached XP level 1. HP: 19/19 MP: 0/0
   111 | D        | Reached ** piety under Trog
   178 | D        | Noticed a necrophage
   178 | D        | Noticed a phantom
   178 | D        | Noticed a phantom
   178 | D        | Noticed a hound
   184 | D        | Killed a necrophage
   185 | D        | Reached XP level 2. HP: 18/31 MP: 1/1
   185 | D        | Reached XP level 3. HP: 23/38 MP: 2/2
   191 | D        | Killed a phantom
   191 | D        | Reached *** piety under Trog
   192 | D        | Reached XP level 4. HP: 29/49 MP: 3/3
   195 | D        | Killed a phantom
   196 | D        | Reached XP level 5. HP: 35/57 MP: 4/4
   197 | D        | Reached skill level 5 in Armour
   367 | D        | Found a snail-covered altar of Cheibriados.
   367 | D        | Found a shadowy altar of Dithmenos.
   367 | D        | Found a white marble altar of Elyvilon.
   367 | D        | Found a blossoming altar of Fedhas.
   367 | D        | Found an opulent altar of Gozag.
   368 | D        | Found a hazy altar of Hepliaklqana.
   369 | D        | Found a viscous altar of Jiyva.
   370 | D        | Found an ancient bone altar of Kikubaaqudgha.
   371 | D        | Found a corrupted altar of Lugonu.
   372 | D        | Found a burning altar of Makhleb.
   373 | D        | Found a sparkling altar of Nemelex Xobeh.
   374 | D        | Found an iron altar of Okawaru.
   375 | D        | Found a stormy altar of Qazlal.
   376 | D        | Found a sacrificial altar of Ru.
   377 | D        | Found a shimmering blue altar of Sif Muna.
   378 | D        | Found a bloodstained altar of Trog.
   379 | D        | Found a hide-covered altar of Uskayaw.
   380 | D        | Found a radiant altar of Vehumet.
   381 | D        | Found an ornate altar of the Wu Jian Council.
   382 | D        | Found a shimmering altar of Xom.
   383 | D        | Found a basalt altar of Yredelemnul.
   384 | D        | Found a glowing silver altar of Zin.
   385 | D        | Found a glowing golden altar of the Shining One.
   436 | D        | Noticed a steam dragon
   436 | D        | Noticed a yak
   436 | D        | Noticed an orc warrior
   436 | D        | Noticed a centaur
   438 | D        | Reached **** piety under Trog
   439 | D        | Reached skill level 10 in Fighting
   439 | D        | Reached skill level 10 in Long Blades
   439 | D        | Reached skill level 5 in Dodging
   439 | D        | Reached XP level 6. HP: 66/66 MP: 5/5
   440 | D        | Killed a steam dragon
   447 | D        | Killed a yak
   448 | D        | Reached XP level 7. HP: 75/75 MP: 6/6
   453 | D        | Reached ***** piety under Trog
   509 | D        | Noticed a two-headed ogre
   509 | D        | Noticed a wraith
   509 | D        | Noticed a two-headed ogre
   509 | D        | Noticed a deep elf pyromancer
   509 | D        | Noticed a two-headed ogre
   509 | D        | Noticed a tengu conjurer
   516 | D        | Killed a two-headed ogre
   517 | D        | Reached skill level 1 in Stealth
   517 | D        | Reached XP level 8. HP: 26/88 MP: 7/7
   523 | D        | HP: 4/133 [two-headed ogre/+0 giant club (14)]
   525 | D        | Slain by a two-headed ogre

Illustrated notes

Levels and vault maps discovered:
D:        linesprint [early_d, line_temple, items_1, d_10, items_2, lair_1,
          lair_end, items_3, orc_1, orc_end, items_4, d_15, swamp_1, shoals_1,
          snake_1, spider_1, d_20, vaults_1, items_5, swamp_end, shoals_end,
          snake_end, spider_end, vaults_end, d_27, items_6, zot_1, zot_end,
          crypt_end, forest_end, elf_end, slime_end, tomb_end, abyss_end,
          pan_hell_end]

Skill      XL: |  1  2  3  4  5  6  7  8 |
---------------+-------------------------+-----
Fighting       | 6 8 9 10 11 13 14 | 14.1
Long Blades    | 6 8 9 10 11 14 | 14.7
Armour         | 3 4 5 6 7 |  7.8
Dodging        | 3 4 5 6 7 |  7.9
Stealth        | 1 |  1.0

Action                   |  1- 3 |  4- 6 |  7- 9 || total
-------------------------+-------+-------+-------++-------
Melee: Falchion          |    24 |     9 |       ||    33
       Headbutt          |     4 |     3 |     5 ||    12
       Scimitar          |       |     9 |    25 ||    34
       Punch             |       |       |     2 ||     2
Invok: Berserk           |     1 |     1 |     1 ||     3
Armor: Animal skin       |     4 |     1 |       ||     5
       Chain mail        |       |     1 |    12 ||    13
Dodge: Dodged            |     9 |     9 |    13 ||    31
